 Dungeon Crawl Stone Soup version 0.25-a0-283-ge7e91ba8d0 (webtiles) character file.

Game seed: 8949996676928784711, levelgen mode: deterministic

3668 DerDa the Thaumaturge (level 9, -8/45 HPs)
             Began as a Deep Elf Earth Elementalist on Dec 11, 2019.
             Was a Follower of Sif Muna.
             Mangled by an orc warrior
             ... wielding a +0 glaive
              (16 damage)
             ... on level 8 of the Dungeon.
             The game lasted 00:26:22 (6666 turns).

DerDa the Thaumaturge (Deep Elf Earth Elementalist) Turns: 6666, Time: 00:26:23

Health: -8/45      AC:  6    Str:  5    XL:     9   Next: 89%
Magic:  23/27      EV: 14    Int: 24    God:    Sif Muna [*.....]
Gold:   468        SH:  0    Dex: 15    Spells: 17/32 levels left

rFire    . . .     SeeInvis +   e - +0 hand axe (flame)
rCold    + . .     Gourm    +   (no shield)
rNeg     + . .     Faith    .   w - +1 robe of the Land of Plenty {rN+ rCorr SInv}
rPois    .         Spirit   .   n - +0 helmet
rElec    .         Reflect  .   y - scarf {cloud immunity}
rCorr    +         Harm     .   v - +0 pair of gloves
MR       +....                  r - +0 pair of boots
Stlth    ++........             p - amulet of the gourmand
HPRegen  0.15/turn              I - ring of protection from cold
MPRegen  0.20/turn              A - ring of protection from magic

@: no status effects
A: no striking features
a: Channel Magic, Renounce Religion


You were on level 8 of the Dungeon.
You worshipped Sif Muna.
Sif Muna was aware of your devotion.
You were completely stuffed.

You visited 2 branches of the dungeon, and saw 11 of its levels.

You collected 576 gold pieces.
You spent 108 gold pieces at shops.

Inventory:

Hand Weapons
 e - a +0 hand axe of flaming (weapon)
Missiles
 b - 85 stones (quivered)
 g - 85 bolts
 q - 61 sling bullets
Armour
 c - a +0 robe
 f - a +0 buckler
 n - a +0 helmet (worn)
 r - a +0 pair of boots (worn)
 v - a +0 pair of gloves (worn)
 w - the +1 robe of the Land of Plenty (worn) {rN+ rCorr SInv}
   (You bought it in a shop on level 5 of the Dungeon)

   It protects you from negative energy.
   It lets you see invisible.
   It provides partial protection from all sources of acid and corrosion.
 y - a scarf of cloud immunity (worn)
Jewellery
 p - an amulet of the gourmand (around neck)
 A - a ring of protection from magic (right hand)
 G - an uncursed ring of fire {unknown}
 I - a ring of protection from cold (left hand)
Wands
 E - a wand of clouds (6)
 F - a wand of iceblast (12)
 K - a wand of flame (27)
Scrolls
 i - a scroll of enchant weapon {unknown}
 j - 6 scrolls of teleportation {unknown}
 k - 8 scrolls of identify {unknown}
 l - 3 scrolls of magic mapping {unknown}
 m - 3 scrolls of fog {unknown}
 u - 4 scrolls of remove curse {unknown}
 x - a scroll of immolation {unknown}
 C - a scroll of vulnerability {unknown}
 J - a scroll of enchant armour {unknown}
Potions
 a - 2 potions of agility {unknown}
 h - 3 potions of flight {unknown}
 o - 3 potions of degeneration {unknown}
 s - a potion of cancellation {unknown}
 t - a potion of ambrosia {unknown}
 z - 2 potions of brilliance {unknown}
 B - a potion of magic {unknown}
 D - a potion of curing {unknown}
 H - a potion of might
Comestibles
 d - 20 rations
 L - a chunk of flesh


   Skills:
 * Level 3.9 Dodging
 - Level 2.4 Stealth
 * Level 2.8 Shields
 * Level 12.3 Spellcasting
 + Level 1.1 Conjurations
 + Level 1.1 Transmutations
 * Level 10.8 Earth Magic


You had 17 spell levels left.
You knew the following spells:

 Your Spells              Type           Power        Failure   Level  Hunger
a - Sandblast             Erth           ######       1%          1    None
b - Stone Arrow           Conj/Erth      #####.       1%          3    None
c - Petrify               Tmut/Erth      #####...     3%          4    None
d - Lee's Rapid Deconstr  Erth           ######....   1%          5    ###....
w - Passwall              Tmut/Erth      #####...     1%          2    None

Your spell library contained the following spells:

 Spells                   Type           Power        Failure   Level  Hunger


Dungeon Overview and Level Annotations

Branches:
Dungeon (10/15)            Temple (1/1) D:7
   Lair: D:8-11         Orc: D:9-12

Altars:
Ashenzari
Cheibriados
Dithmenos
Elyvilon
Fedhas
Gozag
Hepliaklqana
Kikubaaqudgha
Makhleb
Nemelex Xobeh
Okawaru
Qazlal
Ru
Sif Muna
Trog
Vehumet
Wu Jian
Xom
Zin
The Shining One

Shops:
D:5 =[%   D:9 :


Message History

The orc is heavily wounded.
The orc closely misses you.
The orc warrior hits you from afar with a +0 glaive!
The orc shouts!
Casting: Sandblast (safe; 1% risk of failure)
Confirm with . or Enter, or press ? or * to list all spells.
Aiming: Lee's Rapid Deconstruction (safe; 1% risk of failure)
Press: ? - help, Dir - move target cursor A rock wall.
The wall shatters!
The blast of rock fragments hits the orc warrior!
The orc warrior is moderately wounded.
The blast of rock fragments hits the orc!!
You kill the orc!
Sif Muna accepts your kill.
The orc warrior hits you from afar with a +0 glaive!
* * * LOW HITPOINT WARNING * * *
There is an escape hatch in the ceiling here.
The orc warrior hits you from afar with a +0 glaive!
You die...

...)...............
...###..........#.###
...# #....รท.....#...#
.......###..........##
........ ##..........#
.......# #.#........
........ ###........
.........###.##..#...
...............@# ..
.......#.o..#
...>..##.o####
.......)[....#
....#...#.....#
..###...####..# ..
##.. #... ##. ... #.
..


You could see an orc warrior and an orc.

Vanquished Creatures
  Grinder (D:4)
  A hippogriff (D:7)
  A human (D:7)
  4 hogs (D:7)
  A porcupine (D:9)
  An orc warrior (D:6)
  An ice beast (D:7)
  A sky beast (D:4)
  6 ogres
  5 centaurs
  A gnoll sergeant (D:7)
  4 bullfrogs
  4 scorpions
  2 crimson imps
  A quasit (D:9)
  2 hounds
  An orc priest (D:4)
  2 orc wizards
  A bullfrog skeleton (D:4)
  2 iguanas
  3 worker ants
  A hound skeleton (D:6)
  Robin (D:2)
  7 gnolls
  14 adders
  4 shadow imps
  2 oozes
  2 adder skeletons
  An adder zombie (D:7)
  A worm (D:3)
  3 dart slugs
  A leopard gecko (D:7)
  16 orcs
  6 giant cockroaches
  17 goblins
  7 hobgoblins
  4 jackals
  4 quokkas
  A ball python (D:1)
  8 bats
  7 frilled lizards
  A jackal skeleton (D:4)
  A jackal zombie (D:4)
  10 kobolds
  10 rats
174 creatures vanquished.

Notes
Turn   | Place    | Note
-------+----------+-------------------------------------------
     0 | D:1      | DerDa the Deep Elf Earth Elementalist began the quest for
                  | the Orb.
     0 | D:1      | Reached XP level 1. HP: 10/10 MP: 6/6
   242 | D:1      | Reached XP level 2. HP: 10/15 MP: 8/8
   249 | D:1      | Learned a level 2 spell: Passwall
   838 | D:2      | Reached XP level 3. HP: 19/19 MP: 10/10
   846 | D:2      | Learned a level 3 spell: Stone Arrow
  1106 | D:2      | Noticed Robin
  1112 | D:2      | Killed Robin
  1112 | D:2      | Reached XP level 4. HP: 10/24 MP: 2/11
  1113 | D:2      | Reached skill level 4 in Spellcasting
  1396 | D:2      | Reached skill level 5 in Earth Magic
  1833 | D:2      | Learned a level 4 spell: Petrify
  1995 | D:3      | Reached XP level 5. HP: 15/28 MP: 9/14
  2350 | D:3      | Reached skill level 5 in Spellcasting
  2787 | D:3      | Found a shadowy altar of Dithmenos.
  2941 | D:3      | Reached XP level 6. HP: 31/32 MP: 10/16
  3069 | D:3      | Found a bloodstained altar of Trog.
  3179 | D:4      | Noticed Grinder
  3180 | D:4      | Paralysed by Grinder for 4 turns
  3226 | D:3      | Learned a level 5 spell: Lee's Rapid Deconstruction
  3494 | D:4      | Killed Grinder
  3494 | D:4      | Reached skill level 6 in Spellcasting
  3494 | D:4      | Reached XP level 7. HP: 36/36 MP: 8/19
  3567 | D:4      | You fall into a shaft and drop 2 floors!
  3655 | D:6      | Reached skill level 7 in Spellcasting
  3740 | D:5      | Entered Level 5 of the Dungeon
  3770 | D:5      | Found Erid's Antique Armour Shoppe.
  3773 | D:5      | Bought a tattered robe for 108 gold pieces
  3783 | D:5      | Identified the +1 robe of the Land of Plenty {rN+ rCorr
                  | SInv} (You bought it in a shop on level 5 of the Dungeon)
  3790 | D:5      | Found Tielam's Jewellery Emporium.
  3900 | D:5      | Found Bybam's Food Boutique.
  3921 | D:5      | Found a shattered altar of Ashenzari.
  3991 | D:4      | Reached skill level 8 in Spellcasting
  4140 | D:4      | Reached XP level 8. HP: 37/41 MP: 16/22
  4253 | D:4      | Reached skill level 1 in Conjurations
  4391 | D:4      | Found a shimmering blue altar of Sif Muna.
  4608 | D:4      | Became a worshipper of Sif Muna the Loreminder
  4717 | D:5      | Found an opulent altar of Gozag.
  4912 | D:6      | Reached skill level 9 in Spellcasting
  5499 | D:7      | Noticed a hippogriff
  5502 | D:7      | Killed a hippogriff
  5502 | D:7      | Reached skill level 1 in Shields
  5527 | D:7      | Reached skill level 10 in Spellcasting
  5608 | D:7      | Found a staircase to the Ecumenical Temple.
  5619 | Temple   | Entered the Ecumenical Temple
  5715 | D:7      | Reached XP level 9. HP: 38/45 MP: 14/25
  5823 | D:7      | Reached skill level 11 in Spellcasting
  5824 | D:7      | Reached skill level 10 in Earth Magic
  5853 | D:7      | Found a hazy altar of Hepliaklqana.
  5854 | D:7      | Found a shimmering altar of Xom.
  5855 | D:7      | Noticed a spectral ugly thing
  5874 | D:7      | You fall into a shaft and drop 3 floors!
  5874 | D:10     | Entered Level 10 of the Dungeon
  5998 | D:10     | Reached * piety under Sif Muna
  6213 | D:9      | Found a white marble altar of Elyvilon.
  6221 | D:9      | Reached skill level 12 in Spellcasting
  6362 | D:9      | Found Dyumud's Book Shoppe.
  6666 | D:8      | Mangled by an orc warrior

Levels and vault maps discovered:
D:1:      psy_arrival_wood_between_worlds, layout_loops_ring
D:2:      layout_loops_ring, first_ration, serial_bayou_pond_d, uniq_robin
D:3:      layout_basic, nicolae_dithmenos_through_a_glass_darkly,
          lemuel_crystal_altar, hangedman_abyss_or_decor_lesser_grid
D:4:      layout_cave_pools, nicolae_overflow_hidden_temple,
          kennysheep_generic_room_4, uniq_grinder
D:5:      layout_rooms, grunt_gozag_statues, serial_shops, kennysheep_mini,
          nicolae_shop_trees, shop, basic_altar, minmay_crystal_water
D:6:      layout_gridville
D:7:      layout_basic, regret_index_temple_of_mockery,
          minmay_temple_entry_stoned_glass, grunt_livestock
D:8:      layout_cave_pools
D:9:      layout_roguey, kennysheep_ying_yang, eat_drink_and_be_merry_uskayaw,
          grunt_lair_entry_orc_guard_hut, serial_shops, shop
D:10:     layout_loops_ring, uniq_josephine, uniq_joseph, uniq_psyche
Temple:   cyrus_circular_temple

Skill      XL: |  1  2  3  4  5  6  7  8  9 |
---------------+----------------------------+-----
Earth Magic    | 4 5 6 7 9 10 | 10.8
Spellcasting   | 4 5 6 8 10 12 | 12.3
Dodging        | 3 |  3.9
Conjurations   | 1 |  1.1
Shields        | 1 2 |  2.8
Stealth        | |  2.4
Transmutations | |  1.1

Action                   |  1- 3 |  4- 6 |  7- 9 || total
-------------------------+-------+-------+-------++-------
Melee: Hand axe          |    69 |    87 |    94 ||   250
 Cast: Sandblast         |    25 |    59 |    70 ||   154
       Stone Arrow       |       |     4 |    23 ||    27
       Lee's Rapid Decon |       |       |    15 ||    15
Evoke: Wand              |       |       |     1 ||     1
 Stab: Sleeping          |     7 |     9 |     2 ||    18
       Confused          |       |       |     1 ||     1
  Eat: Chunk             |     1 |     6 |    31 ||    38
Armor: Robe              |    19 |    17 |    33 ||    69
Dodge: Dodged            |    69 |    74 |   101 ||   244

Table legend:
 A = Non-vault XP
 B = Vault XP
 C = Vault XP percentage of total XP
 D = Non-vault monster count
 E = Vault monster count
 F = Vault count percentage of total count
                 A         B        C        D         E       F
            +---------+---------+-------+---------+---------+-------
      Total |    3534 |    1706 |  32.6 |     150 |      24 |  13.8
            +---------+---------+-------+---------+---------+-------
        D:1 |      38 |       0 |   0.0 |      21 |       0 |   0.0
        D:2 |      87 |      38 |  30.4 |      22 |      13 |  37.1
        D:3 |     266 |       0 |   0.0 |      40 |       0 |   0.0
        D:4 |     540 |     291 |  35.0 |      20 |       2 |   9.1
        D:5 |     312 |       0 |   0.0 |       6 |       0 |   0.0
        D:6 |     365 |       0 |   0.0 |       6 |       0 |   0.0
        D:7 |    1163 |     976 |  45.6 |      21 |       5 |  19.2
        D:8 |     190 |       0 |   0.0 |       8 |       0 |   0.0
        D:9 |     238 |     401 |  62.8 |       3 |       4 |  57.1
       D:10 |     335 |       0 |   0.0 |       3 |       0 |   0.0
            +---------+---------+-------+---------+---------+-------
